 Dungeon Crawl Stone Soup version 0.28-a0-1510-gd0f6b136d3 (webtiles) character file.

Game seed: 8217589087892644003

21 hashsling the Chiller (level 2, 0/21 HPs)
             Began as a Barachi Ice Elementalist on Jan 14, 2022.
             Slain by a hound (3 damage)
             ... on level 2 of the Dungeon.
             The game lasted 00:03:31 (1065 turns).

hashsling the Chiller (Barachi Ice Elementalist)    Turns: 1065, Time: 00:03:32

Health: 0/21       AC:  3    Str:  9    XL:     2   Next: 87%
Magic:  1/5        EV: 12    Int: 15    God:
Gold:   71         SH:  0    Dex: 12    Spells: 5/6 levels left

rFire   . . .      SeeInvis .   f - +0 short sword
rCold   . . .      Faith    .   (no shield)
rNeg    . . .      Spirit   .   a - +0 robe
rPois   .          Reflect  .   (no helmet)
rElec   .          Harm     .   h - +0 cloak
rCorr   .          Rampage  .   (no gloves)
Will    +....                   (no boots)
Stlth   ++........              (no amulet)
HPRegen 0.07/turn               g - ring of willpower
MPRegen 0.09/turn               (no ring)

@: slow
A: amphibious, slowness 1, strong legs 1, +LOS
a: Hop


You were on level 2 of the Dungeon.
You visited 1 branch of the dungeon, and saw 2 of its levels.

You collected 71 gold pieces.

Inventory:

Hand Weapons
 f - a +0 short sword (weapon)
Armour
 a - a +0 robe (worn)
 h - a +0 cloak (worn)
Jewellery
 g - a ring of willpower (left hand)
Scrolls
 e - 2 scrolls of identify {unknown}
Potions
 b - a potion of degeneration {unknown}
 c - a potion of resistance {unknown}
 d - a potion of attraction {unknown}


   Skills:
 + Level 1.0 Fighting
 + Level 0.0 Long Blades
 + Level 2.5 Dodging
 - Level 1.7 Stealth
 * Level 2.6 Spellcasting
 * Level 5.1 Ice Magic


You had 5 spell levels left.
You knew the following spells:

 Your Spells              Type           Power      Damage    Failure   Level
a - Freeze                Ice            68%        1d8       2%          1

Your spell library contained the following spells:

 Spells                   Type           Power      Damage    Failure   Level
 Frozen Ramparts          Ice            34%        1d5       8%          3
 Ozocubu's Armour         Ice            17%        N/A       8%          3
 Hailstorm                Conj/Ice       9%         3d4       58%         4


Dungeon Overview and Level Annotations

Branches:
Dungeon (2/15)

Altars:

Shops:
D:1 (!


Innate Abilities, Weirdness & Mutations

You are amphibious.
You cover ground slowly.
You can hop short distances.
You have an extended range of vision and can be seen from far away.


Message History

You miss the hound.
The hound is lightly wounded.
The hound bites you. x2
You freeze the hound.
The hound is lightly wounded.
The hound barely misses you.
You freeze the hound.
The hound is heavily wounded.
The hound bites you. The hound bites you but does no damage.
You are too injured to fight recklessly!
Casting: Freeze (safe; 2% risk of failure)
Confirm with . or Enter, or press ? or * to list all spells.
Aiming: Freeze (safe; 2% risk of failure)
Press: ? - help, Shift-Dir - straight line, f/p - hound
Aim: a hound (heavily wounded)
You freeze the hound!
The hound is almost dead.
The hound pauses to sniff the ground.
The hound bites you but does no damage.
Hit: f) +0 short sword
Press: ? - help, Dir - move target, f/p - hound
Aim: a hound (almost dead, about 52% to evade your +0 short sword)
You barely miss the hound.
The hound is almost dead.
The hound bites you. The hound bites you but does no damage.
Hit: f) +0 short sword
Press: ? - help, Dir - move target, f/p - hound
Aim: a hound (almost dead, about 52% to evade your +0 short sword)
You completely miss the hound.
The hound is almost dead.
The hound barely misses you.
Hit: f) +0 short sword
Press: ? - help, Dir - move target, f/p - hound
Aim: a hound (almost dead, about 52% to evade your +0 short sword)
You closely miss the hound.
The hound is almost dead.
The hound bites you.
* * * LOW HITPOINT WARNING * * *
The hound bites you.
You die...

#.# #.# #.# #.#
##.###.## #.#
#...##..#
###.##...###.#
.>...........#
###..........#######.#
#..................#
#.##...###.#########
#. #...# #@# # #####
#h# #w##### #wg...# #
##.###...##
#........g.
##.........
#.......gā‰ˆ
#.......ā‰ˆ.


You could see a worm, a hound, a dart slug and a hobgoblin.

Vanquished Creatures
  3 endoplasms (D:1)
  3 giant cockroaches (D:1)
  A hobgoblin (D:1)
  A quokka (D:1)
  2 ball pythons (D:1)
  5 bats
  2 frilled lizards (D:1)
  A goblin (D:1)
  2 rats (D:1)
20 creatures vanquished.

Notes
Turn   | Place    | Note
-------+----------+-------------------------------------------
     0 | D:1      | hashsling the Barachi Ice Elementalist began the quest for
                  | the Orb.
     0 | D:1      | Reached XP level 1. HP: 13/13 MP: 3/3
     0 | D:1      | Found Dergh's Distillery.
   103 | D:1      | Reached skill level 5 in Ice Magic
   435 | D:1      | Reached XP level 2. HP: 17/20 MP: 3/5
   749 | D:1      | Found Uniysk's Antique Weapon Emporium.
   774 | D:1      | Reached skill level 1 in Fighting
  1065 | D:2      | Slain by a hound

Illustrated notes

Levels and vault maps discovered:
D:1:      scummos_arrival_simple_crosswalls, layout_basic, serial_shops, shop,
          shop
D:2:      cheibrodos_helix_gallery, layout_loops_ring, uniq_jessica

Skill      XL: |  1  2 |
---------------+-------+-----
Ice Magic      | 5 |  5.1
Fighting       | 1 |  1.0
Dodging        | |  2.5
Stealth        | |  1.7
Spellcasting   | |  2.6

Action                   || total
-------------------------++-------
Melee: Unarmed           ||     9
       Whip              ||    13
       Short sword       ||    28
 Cast: Freeze            ||    23
 Stab: Sleeping          ||     1
Armor: Robe              ||    30
Dodge: Dodged            ||    64

Table legend: (Time is in decaauts)
 A = Elapsed time spent in this place.
 B = Non-inter-level travel time spent in this place.
 C = Inter-level travel time spent in this place.
 D = Time resting spent in this place.
 E = Time spent auto-exploring this place.
 F = Levels seen in this place.
 G = Mean time per level.
                   A        B        C        D        E       F      G
               +--------+--------+--------+--------+--------+-----+--------+
         Total |   1162 |   1127 |     35 |      0 |    916 |   2 |  581.0 |
       Dungeon |   1162 |   1127 |     35 |      0 |    916 |   2 |  581.0 |
               +--------+--------+--------+--------+--------+-----+--------+

Top non-repeatable levels by time:
     D:1: 1065 daAuts
     D:2: 96 daAuts
